 Dungeon Crawl Stone Soup version 0.29-a0-1023-g6ae1a4a2c7 (webtiles) character file.

Game seed: 15678699632291324463

18696 nightchill the Unseen (level 12, 80/80 HPs)
             Began as a Kobold Berserker on Aug 10, 2022.
             Was a Priest of Trog.
             Quit the game on level 4 of the Lair of Beasts on Jan 5, 2024.
             The game lasted 00:42:43 (17597 turns).

nightchill the Unseen (Kobold Berserker)           Turns: 17597, Time: 00:42:44

Health: 80/80      AC: 10    Str: 17    XL:     12   Next: 98%
Magic:  12/12      EV: 20    Int:  9    God:    Trog [***...]
Gold:   942        SH:  5    Dex: 16    Spells: 11/11 levels left

rFire   + . .      SeeInvis .   a - +4 dagger (freeze)
rCold   + . .      Faith    .   (no shield)
rNeg    . . .      Spirit   .   I - +1 robe {rC+ rF+}
rPois   .          Reflect  +   (no helmet)
rElec   .          Harm     .   C - +1 cloak
rCorr   .          Rampage  .   (no gloves)
Will    +....                   c - +0 pair of boots
Stlth   +++++++...              i - amulet of reflection
HPRegen 0.23/turn               H - ring of willpower
MPRegen 0.13/turn               y - +4 ring of protection

@: no status effects
A: small, no large weapons, nightstalker 3
a: Renounce Religion, Berserk, Trog's Hand


You were on level 4 of the Lair of Beasts.
You worshipped Trog.
Trog was most pleased with you.
You visited 3 branches of the dungeon, and saw 15 of its levels.
You also visited: Sewer.

You collected 942 gold pieces.

Inventory:

Hand Weapons
 a - a +4 dagger of freezing (weapon)
 b - a +1 dagger of protection
 w - a +8 antimagic quick blade
 K - a +0 rapier
 W - a +0 short sword of draining
 X - a +1 shortbow of flaming
Missiles
 o - 75 poisoned darts (quivered)
 r - 11 curare-tipped darts
Armour
 c - a +0 pair of boots (worn)
 C - a +1 cloak (worn)
 I - a +1 robe of resistance (worn)
 N - a +2 robe of cold resistance
 R - a +0 troll leather armour
 T - a +0 kite shield
 V - a +0 robe of willpower
Jewellery
 f - a ring of flight
 i - an amulet of reflection (around neck)
 y - a +4 ring of protection (right hand)
 G - a +6 ring of intelligence
 H - a ring of willpower (left hand)
 L - a ring of ice
Wands
 e - a wand of polymorph (2)
 k - a wand of iceblast (5)
 l - a wand of digging (5)
 m - a wand of quicksilver (13)
 t - a wand of flame (16)
 D - a wand of paralysis (11)
Scrolls
 g - 4 scrolls of magic mapping {unknown}
 h - 3 scrolls of acquirement {unknown}
 j - 13 scrolls of teleportation {unknown}
 n - 7 scrolls of vulnerability {unknown}
 p - 2 scrolls of noise {unknown}
 s - 3 scrolls of fear {unknown}
 v - 2 scrolls of torment {unknown}
 x - 2 scrolls of immolation {unknown}
 E - a scroll of amnesia {unknown}
 F - 2 scrolls of butterflies {unknown}
 J - 2 scrolls of enchant armour {unknown}
 O - 4 scrolls of enchant weapon {unknown}
 P - 3 scrolls of identify
 Q - a scroll of blinking {unknown}
 S - 2 scrolls of poison {unknown}
Potions
 d - 2 potions of invisibility
 q - 3 potions of lignification
 u - 11 potions of curing
 z - 4 potions of might
 A - a potion of heal wounds
 B - 6 potions of resistance {unknown}
 M - 3 potions of mutation {unknown}
 U - a potion of cancellation {unknown}
 Z - a potion of haste {unknown}
Miscellaneous
 Y - a phial of floods (inert)


   Skills:
 + Level 11.5 Fighting
 - Level 14.0 Short Blades
 - Level 1.5 Armour
 + Level 10.0 Dodging
 + Level 15.7 Stealth
 + Level 5.1 Evocations


You had 11 spell levels left.
You didn't know any spells.
Your spell library was empty.

Dungeon Overview and Level Annotations

Branches:
Dungeon (11/15)            Temple (1/1) D:7            Lair (2/5) D:11
  Sewer (visited)
  Swamp: Lair:2-3    Shoals: Lair:2-3     Snake: Lair:2-3    Spider: Lair:2-3
    Orc: D:9-12

Altars:
Ashenzari
Cheibriados
Dithmenos
Elyvilon
Gozag
Qazlal
Ru
Trog
Xom
The Shining One

Shops:
D:1 ?   D:6 :   D:10 *   D:11 :

Annotations:
D:7 3 runed translucent doors, leavemydog's ghost, novice DECj
D:9 exclusions: door and 1 more exclusion


Innate Abilities, Weirdness & Mutations

You are small and have problems with some larger weapons.
You are completely attuned to the shadows.


Message History

The water moccasin is heavily wounded.
You closely miss the water moccasin.
The water moccasin is heavily wounded.
The water moccasin bites you.
You barely miss the water moccasin.
The water moccasin is heavily wounded.
You block the water moccasin's attack.
You puncture the water moccasin! You freeze the water moccasin.
The water moccasin is almost dead.
You hit the water moccasin. You freeze the water moccasin.
You kill the water moccasin!
Trog accepts your kill.
No target in view!
You see here a water moccasin corpse.
Found a leather armour.
Found a long sword.
Found a ring mail.
You now have 942 gold pieces (gained 16).
O - 4 scrolls labelled PETOAC IHIZE (gained 1)
Found a helmet.
No target in view!
No target in view!
Found a stone staircase leading down.
A sourceless malevolence fills the Lair of Beasts...
You fall into a shaft and drop 2 floors!
The shaft crumbles and collapses.
A five-headed hydra comes into view.
The helpless five-headed hydra fails to defend itself.
You perforate the five-headed hydra like a sieve!!!!!
The five-headed hydra seems to slow down.
You freeze the five-headed hydra!!
You kill the five-headed hydra!
Trog accepts your kill.
Your Dodging skill increases to level 10!
Your Evocations skill increases to level 5!
Saving game... please wait.
Welcome back, nightchill the Kobold Berserker.
Trog says: Kill them all!
Press ? for a list of commands and other information.
Are you sure you want to abandon this character and quit the game? (Confirm with "yes".)

.. #..
####...
#.####.#....
...†@.......
............
............
............
............


There were no monsters in sight!

Vanquished Creatures
  Fannar (D:10)
  2 hydras
  Erica (D:8)
  2 two-headed ogres
  Nergalle (Lair:1)
  2 black mambas (Lair:1)
  3 cane toads (Lair:1)
  A gargoyle (D:11)
  Psyche (D:8)
  Maggie (D:8)
  A komodo dragon (D:11)
  2 trolls
  A polar bear (Lair:2)
  11 blink frogs
  A hornet (D:9)
  A vampire (D:11)
  5 wyverns
  3 yaks
  2 basilisks
  Grum (D:9)
  3 steam dragons (D:9)
  3 acid dragons
  10 water moccasins
  7 orc warriors
  2 sky beasts (D:7)
  2 black bears
  2 ogres (D:6)
  4 centaurs
  3 wolves (D:9)
  A phantom (D:6)
  7 kobold brigands
  8 bullfrogs
  A gnoll sergeant (D:8)
  2 necrophages
  4 scorpions
  18 wights
  3 killer bees (D:9)
  2 howler monkeys
  2 lava snakes (D:9)
  4 hounds
  3 jellies
  3 orc priests
  3 iguanas
  Natasha (thrice) (D:3)
  10 orc wizards
  4 gnolls (D:8)
  10 adders
  A river rat (D:5)
  A worm (D:5)
  3 dart slugs
  34 orcs
  15 ball pythons
  25 endoplasms
  13 giant cockroaches
  11 goblins
  8 hobgoblins
  7 jackals
  16 quokkas
  4 bats
  10 frilled lizards
  25 kobolds
  7 rats
347 creatures vanquished.

Vanquished Creatures (collateral kills)
  A yak (D:9)
  An acid dragon (D:9)
2 creatures vanquished.

Vanquished Creatures (others)
  14 fungi
  32 plants
46 creatures vanquished.

Grand Total: 395 creatures vanquished

Notes
Turn   | Place    | Note
-------+----------+-------------------------------------------
     0 | D:1      | nightchill the Kobold Berserker began the quest for the
                  | Orb.
     0 | D:1      | Reached XP level 1. HP: 14/14 MP: 1/1
   201 | D:1      | Reached skill level 1 in Stealth
   201 | D:1      | Reached XP level 2. HP: 19/19 MP: 2/2
   395 | D:1      | Found Rippuopaom's Magic Scroll Shoppe.
   762 | D:1      | Reached XP level 3. HP: 22/23 MP: 3/3
  1193 | D:1      | Reached ** piety under Trog
  1525 | D:2      | Reached skill level 5 in Short Blades
  1678 | D:2      | Reached skill level 2 in Stealth
  1694 | D:2      | Reached XP level 4. HP: 27/29 MP: 4/4
  1888 | D:2      | Found a faded altar of an unknown god.
  2353 | D:3      | Found a bloodstained altar of Trog.
  2399 | D:3      | Found a broken altar of Ashenzari.
  2713 | D:3      | Noticed Natasha
  2724 | D:3      | Killed Natasha
  2725 | D:3      | Reached XP level 5. HP: 13/33 MP: 5/5
  3098 | D:3      | Noticed Natasha
  3113 | D:3      | Killed Natasha
  3114 | D:3      | Reached skill level 3 in Stealth
  3259 | D:3      | Noticed Natasha
  3265 | D:3      | Killed Natasha
  3690 | D:4      | Reached XP level 6. HP: 39/39 MP: 6/6
  4160 | D:4      | Reached *** piety under Trog
  4315 | D:4      | Reached skill level 4 in Stealth
  5042 | D:5      | Entered Level 5 of the Dungeon
  5107 | D:5      | Reached XP level 7. HP: 44/44 MP: 7/7
  5111 | D:5      | Found a glowing drain.
  5121 | Sewer    | Entered a sewer
  5383 | Sewer    | Reached **** piety under Trog
  5578 | Sewer    | Reached skill level 5 in Fighting
  5631 | Sewer    | Reached skill level 5 in Stealth
  6068 | D:5      | Reached XP level 8. HP: 31/49 MP: 8/8
  6575 | D:5      | Reached skill level 6 in Stealth
  7049 | D:6      | Reached skill level 10 in Short Blades
  7247 | D:6      | Reached skill level 7 in Stealth
  7588 | D:6      | Reached XP level 9. HP: 56/56 MP: 9/9
  7654 | D:6      | Found Reus's Book Emporium.
  7746 | D:6      | Reached skill level 8 in Stealth
  7801 | D:6      | Found a glowing golden altar of the Shining One.
  8424 | D:7      | Found a runed translucent gate.
  8424 | D:7      | Noticed leavemydog's ghost (novice DECj)
  8425 | D:7      | Found a runed translucent gate.
  8494 | D:7      | Found a staircase to the Ecumenical Temple.
  8500 | Temple   | Entered the Ecumenical Temple
  8754 | D:7      | Reached skill level 9 in Stealth
  9147 | D:7      | Found a runed translucent gate.
  9583 | D:8      | Noticed a troll
  9587 | D:8      | Killed a troll
  9588 | D:8      | Reached XP level 10. HP: 64/64 MP: 10/10
  9971 | D:8      | Noticed Erica
  9975 | D:8      | Killed Erica
  9976 | D:8      | Reached skill level 10 in Stealth
  9996 | D:8      | Reached skill level 5 in Dodging
 10116 | D:8      | Found a white marble altar of Elyvilon.
 10140 | D:8      | Noticed Psyche
 10156 | D:8      | Killed Psyche
 10292 | D:8      | Noticed Maggie
 10295 | D:8      | Killed Maggie
 10417 | D:8      | Found a sacrificial altar of Ru.
 10595 | D:8      | Found a stormy altar of Qazlal.
 10595 | D:8      | Found a shadowy altar of Dithmenos.
 10595 | D:8      | Found an opulent altar of Gozag.
 10724 | D:8      | Reached skill level 11 in Stealth
 10724 | D:8      | Reached XP level 11. HP: 63/69 MP: 11/11
 10894 | D:8      | Noticed a two-headed ogre
 10906 | D:8      | Killed a two-headed ogre
 11292 | D:9      | Reached skill level 12 in Stealth
 11398 | D:9      | Noticed Grum
 11403 | D:9      | Killed Grum
 11421 | D:9      | Reached ***** piety under Trog
 11617 | D:9      | Paralysed by a centaur for 5 turns
 12005 | D:9      | Received a gift from Trog
 12136 | D:10     | Entered Level 10 of the Dungeon
 12302 | D:9      | Reached skill level 13 in Stealth
 12402 | D:9      | Found a snail-covered altar of Cheibriados.
 12698 | D:9      | Reached skill level 10 in Fighting
 13263 | D:10     | Noticed Fannar
 13266 | D:10     | Killed Fannar
 13394 | D:10     | Found a shimmering altar of Xom.
 13560 | D:10     | Found Cofo's Assorted Antiques.
 14162 | D:11     | Found a white marble altar of Elyvilon.
 14162 | D:11     | Noticed a two-headed ogre
 14166 | D:11     | Killed a two-headed ogre
 14167 | D:11     | Reached skill level 14 in Stealth
 14204 | D:11     | Reached XP level 12. HP: 78/78 MP: 12/12
 14253 | D:11     | Upgraded the game from 0.29-a0-1019-g84f7d21838 to
                  | 0.29-a0-1023-g6ae1a4a2c7
 14558 | D:11     | Found a staircase to the Lair.
 14723 | D:11     | Found Inibuer's Book Shoppe.
 15143 | Lair:1   | Entered Level 1 of the Lair of Beasts
 15177 | Lair:1   | Reached skill level 1 in Evocations
 15290 | Lair:1   | Noticed an eight-headed hydra
 15817 | Lair:1   | Reached skill level 15 in Stealth
 16106 | Lair:1   | Noticed Nergalle
 16127 | Lair:1   | Killed Nergalle
 16183 | Lair:1   | Killed an eight-headed hydra
 17592 | Lair:2   | You fall into a shaft and drop 2 floors!
 17592 | Lair:4   | Noticed a five-headed hydra
 17596 | Lair:4   | Killed a five-headed hydra
 17597 | Lair:4   | Reached skill level 10 in Dodging
 17597 | Lair:4   | Reached skill level 5 in Evocations
 17597 | Lair:4   | Quit the game

Illustrated notes

Levels and vault maps discovered:
D:1:      ncdulo_watergridlock, layout_basic, serial_shops,
          nicolae_shop_window_shopping
D:2:      layout_rooms, shapermc_ecumenical_altar_pompeii
D:3:      layout_loops_cross, mainiacjoe_overflow_alcove_2,
          ashenzari_conservatory_becter, serial_park_tiny_1,
          chequers_serial_rivers_large_b, uniq_natasha
D:4:      layout_basic, grunt_tough_drop
D:5:      layout_loops_ring, gup_sewer_entry_bubbles,
          corexii_item_surrounded_by_moat
D:6:      layout_rooms, tso_oasis_becter, kennysheep_small_square
D:7:      layout_basic, minmay_temple_entry_mini_moons,
          ebering_ghost_rock_garden, minmay_fractal_squares_gapless_5
D:8:      layout_gridville, gammafunk_temple_overflow_claw,
          mainiacjoe_overflow_catwalk_spiral, wad_floor_pattern_2,
          minmay_increasing_density, uniq_maggie, uniq_psyche, uniq_erica
D:9:      layout_basic, nicolae_overflow_crystal_walls, david_orc_5,
          kennysheep_dice, uniq_grum
D:10:     layout_basic, mainiacjoe_overflow_concentric_impassable,
          nicolae_take_the_stairs, uniq_fannar
D:11:     layout_roguey, david_lair_shrubbed, serial_shops,
          nicolae_shop_temple_entry_statues_fountains, elyvilon_altar_5
Temple:   hellmonk_temple_forest_ring
Lair:1:   layout_regular_city, uniq_nergalle
Lair:2:   layout_chaotic_city, grunt_forest_small_clearing_treed
Lair:4:   layout_regular_city

Skill      XL: |  1  2  3  4  5  6  7  8  9 10 11 12 |
---------------+-------------------------------------+-----
Stealth        | 1 2 3 4 5 7 9 11 14 15 | 15.7
Short Blades   | 5 6 7 8 10 12 13 14 | 14.0
Fighting       | 4 5 6 7 8 10 11 | 11.5
Dodging        | 3 5 8 10 | 10.0
Evocations     | 5 |  5.1
Armour         | |  1.5

Action                   |  1- 3 |  4- 6 |  7- 9 | 10-12 || total
-------------------------+-------+-------+-------+-------++-------
Melee: Short sword       |    89 |       |       |       ||    89
       Dagger            |    22 |   259 |   480 |   633 ||  1394
       Punch             |     1 |     2 |     9 |    14 ||    26
       Quick blade       |       |       |       |     2 ||     2
 Fire: Shortbow          |       |       |       |     9 ||     9
Invok: Berserk           |     1 |     3 |    12 |    21 ||    37
       Trog's Hand       |       |       |     1 |     6 ||     7
       Brothers in Arms  |       |       |       |     3 ||     3
Evoke: Wand              |       |       |       |     1 ||     1
       Phial of floods   |       |       |       |     1 ||     1
  Use: Scroll            |       |     3 |     5 |     1 ||     9
       Potion            |       |       |       |     3 ||     3
 Stab: Sleeping          |    13 |    24 |    50 |    37 ||   124
       Distracted        |       |     1 |     1 |     6 ||     8
Armor: Animal skin       |    24 |    48 |   102 |    12 ||   186
       Robe              |       |       |       |    96 ||    96
Dodge: Dodged            |    73 |   112 |   194 |   311 ||   690
Block: Other             |       |       |       |    23 ||    23

Table legend: (Time is in decaauts)
 A = Elapsed time spent in this place.
 B = Non-inter-level travel time spent in this place.
 C = Inter-level travel time spent in this place.
 D = Time resting spent in this place.
 E = Time spent auto-exploring this place.
 F = Levels seen in this place.
 G = Mean time per level.
                   A        B        C        D        E       F      G
               +--------+--------+--------+--------+--------+-----+--------+
         Total |  17345 |  16645 |    700 |   4082 |   9461 |  16 | 1084.1 |
       Dungeon |  14470 |  13807 |    663 |   3162 |   8303 |  11 | 1315.5 |
        Temple |      1 |      1 |      0 |      0 |      0 |   1 |    1.0 |
          Lair |   2389 |   2352 |     37 |    825 |   1133 |   3 |  796.3 |
         Sewer |    483 |    483 |      0 |     94 |     25 |   1 |  483.0 |
               +--------+--------+--------+--------+--------+-----+--------+

Top non-repeatable levels by time:
     D:9: 1803 daAuts
     D:8: 1617 daAuts
     D:7: 1553 daAuts
     D:1: 1460 daAuts
  Lair:1: 1451 daAuts
     D:5: 1429 daAuts
     D:3: 1369 daAuts
     D:4: 1328 daAuts
    D:10: 1090 daAuts
    D:11: 1002 daAuts
     D:6: 974 daAuts
  Lair:2: 934 daAuts
     D:2: 841 daAuts
   Sewer: 483 daAuts
  Lair:4: 4 daAuts
